 Dungeon Crawl Stone Soup version 0.27-a0-1140-g099f9bb0e8 (webtiles) character file.

Game seed: 11693322953901561711

1268 jryanh76 the Blocker (level 8, -1/69 HPs)
             Began as a Minotaur Fighter on May 8, 2021.
             Was an Initiate of Nemelex Xobeh.
             Succumbed to Edmund's poison
             ... on level 6 of the Dungeon.
             The game lasted 00:27:13 (4264 turns).

jryanh76 the Blocker (Minotaur Fighter)             Turns: 4264, Time: 00:27:14

Health: -1/69      AC: 15    Str: 21 (22) XL:     8   Next: 28%
Magic:  7/7        EV:  7    Int:  6      God:    Nemelex Xobeh [......]
Gold:   277        SH: 11    Dex: 10      Spells: 7/7 levels left

rFire    . . .     SeeInvis .   a - +0 long sword
rCold    . . .     Faith    .   c - +0 kite shield
rNeg     + . .     Spirit   .   n - +2 chain mail {rN+}
rPois    .         Reflect  .   (helmet restricted)
rElec    .         Harm     .   (no cloak)
rCorr    .         Rampage  .   e - +2 pair of gloves
Will     .....                  (no boots)
Stlth    ..........             (no amulet)
HPRegen  0.21/turn              (no ring)
MPRegen  0.10/turn              (no ring)

@: lethally poisoned (-1 -> -17)
A: horns 2, retaliatory headbutt, wild magic 1, MP-powered wands
a: Renounce Religion, Draw Escape, Draw Destruction, Draw Summoning


You were on level 6 of the Dungeon.
You worshipped Nemelex Xobeh.
Nemelex Xobeh was noncommittal.
You visited 2 branches of the dungeon, and saw 7 of its levels.
You also visited: Sewer.

You collected 277 gold pieces.

Inventory:

Hand Weapons
 a - a +0 long sword (weapon)
 f - a +0 spear
 j - a +0 great sword
Missiles
 o - 15 poisoned darts (quivered)
Armour
 c - a +0 kite shield (worn)
 e - a +2 pair of gloves (worn)
 n - a +2 chain mail of positive energy (worn)
 q - a +0 chain mail of cold resistance
Wands
 i - a wand of flame (20)
Scrolls
 g - 4 scrolls of teleportation {unknown}
 h - 3 scrolls of identify {unknown}
 l - a scroll of holy word {unknown}
 p - 2 scrolls of amnesia {unknown}
 s - a scroll of fear {unknown}
 t - a scroll of magic mapping
 u - 2 scrolls of vulnerability {unknown}
 v - 2 scrolls of noise {unknown}
Potions
 b - a potion of ambrosia
 d - 2 potions of might
 k - 4 potions of brilliance
 m - a potion of degeneration
 r - a potion of magic {unknown}
 w - a potion of curing
 x - a potion of mutation


   Skills:
 + Level 5.4 Fighting
 + Level 6.9 Long Blades
 + Level 6.1 Armour
 + Level 2.0 Dodging
 + Level 0.6 Stealth
 + Level 8.1 Shields


You had 7 spell levels left.
You didn't know any spells.
Your spell library was empty.

Dungeon Overview and Level Annotations

Branches:
Dungeon (6/15)             Temple (1/1) D:5           Sewer (visited)

Altars:
Ashenzari
Cheibriados
Elyvilon
Fedhas
Gozag
Hepliaklqana
Makhleb
Nemelex Xobeh
Ru
Sif Muna
Uskayaw
Vehumet
Xom
Yredelemnul
Zin

Annotations:
D:3 Robin


Innate Abilities, Weirdness & Mutations

You have a pair of horns on your head.
You reflexively headbutt those who attack you in melee.
Your spells are a little harder to cast, but a little more powerful.
You expend magic power (3 MP) to strengthen your wands.


Message History

Edmund is heavily wounded.
You feel very sick.
Edmund hits you with a +0 flail of venom.
You are more poisoned.
You block Edmund's attack.
You closely miss Edmund. You headbutt Edmund.
Edmund is heavily wounded.
You feel very sick. Edmund closely misses you. You furiously retaliate!
You headbutt Edmund! You hit Edmund.
Edmund is severely wounded.
You feel very sick.
Edmund hits you with a +0 flail of venom.
You hit Edmund but do no damage.
Edmund is severely wounded.
You feel sick. You block Edmund's attack.
You hit Edmund but do no damage.
Edmund is severely wounded.
You feel sick.
Edmund hits you with a +0 flail of venom!
* * * LOW HITPOINT WARNING * * *
The orc warrior shouts!
You hit Edmund but do no damage. You headbutt Edmund.
Edmund is almost dead.
You feel sick.
You hear a shout!
Edmund hits you with a +0 flail of venom!
* * * LOW HITPOINT WARNING * * *
You are lethally poisoned!
Edmund misses you.
You closely miss Edmund.
Edmund is almost dead.
* * * LOW HITPOINT WARNING * * *
You feel very sick.
The orc shouts!
Edmund hits you but does no damage.
You barely miss Edmund. You headbutt Edmund.
You kill Edmund!
You die...
Your body disappears without a glow.

#.#.#.# #.#<#.# #...
#.#.#.# #... #.#.#.#
#.o# #.#.#.##+###.o#
#.#....#.[...5#
####....### ..Sc#
..........##############
#######.#.......@)......
#.#..........?....
..#.##############
####.# ..... ..# ....#
#### .#..# #..# ..


You could see an orc warrior, a water moccasin, a centaur, an orc and an
ufetubus.

Vanquished Creatures
  Edmund (D:6)
  A hornet zombie (D:6)
  A black bear (D:6)
  2 necrophages (D:4)
  4 scorpions
  Blork the orc (D:4)
  A howler monkey (D:4)
  A centaur zombie (D:5)
  5 hounds
  3 orc priests
  4 orc wizards
  A howler monkey skeleton (D:4)
  8 adders
  A shadow imp (D:6)
  3 worms
  3 dart slugs
  15 orcs
  7 ball pythons
  5 endoplasms
  2 giant cockroaches (D:1)
  20 goblins
  8 hobgoblins
  4 jackals (Sewer)
  13 kobolds
  3 quokkas
  3 bats
  4 frilled lizards
  4 rats
128 creatures vanquished.

Vanquished Creatures (others)
  An orc (D:5)
  22 plants (Sewer)
23 creatures vanquished.

Grand Total: 151 creatures vanquished

Notes
Turn   | Place    | Note
-------+----------+-------------------------------------------
     0 | D:1      | jryanh76 the Minotaur Fighter began the quest for the Orb.
     0 | D:1      | Reached XP level 1. HP: 19/19 MP: 0/0
   265 | D:1      | Reached XP level 2. HP: 26/27 MP: 1/1
   368 | D:1      | Reached skill level 4 in Shields
   682 | D:2      | Reached XP level 3. HP: 33/33 MP: 2/2
   831 | D:2      | Found a faded altar of an unknown god.
  1590 | D:3      | Reached XP level 4. HP: 40/40 MP: 3/3
  1896 | D:3      | Noticed Robin
  1976 | D:4      | Reached skill level 5 in Shields
  2019 | D:4      | Noticed Blork the orc
  2024 | D:4      | Killed Blork the orc
  2025 | D:4      | Reached XP level 5. HP: 39/47 MP: 4/4
  2093 | D:4      | Noticed a necrophage
  2104 | D:4      | Killed a necrophage
  2105 | D:4      | Reached XP level 6. HP: 48/53 MP: 5/5
  2175 | D:4      | Reached skill level 5 in Long Blades
  2175 | D:4      | Reached skill level 5 in Armour
  2175 | D:4      | Reached skill level 1 in Dodging
  2281 | D:4      | Reached skill level 6 in Shields
  2392 | D:4      | Reached XP level 7. HP: 57/60 MP: 6/6
  2503 | D:5      | Entered Level 5 of the Dungeon
  2667 | D:5      | Gained mutation: Your spells are a little harder to cast,
                  | but a little more powerful. [potion of mutation]
  2667 | D:5      | Gained mutation: You expend magic power (3 MP) to
                  | strengthen your wands. [potion of mutation]
  2975 | D:5      | Reached skill level 5 in Fighting
  3208 | D:5      | Found a staircase to the Ecumenical Temple.
  3218 | Temple   | Entered the Ecumenical Temple
  3297 | Temple   | Became a worshipper of Nemelex Xobeh the Trickster
  3418 | D:6      | Found a glowing drain.
  3449 | Sewer    | Entered a sewer
  3770 | Sewer    | Reached skill level 7 in Shields
  3887 | D:6      | Reached XP level 8. HP: 68/68 MP: 7/7
  4024 | D:6      | Reached skill level 8 in Shields
  4247 | D:6      | Noticed Edmund
  4264 | D:6      | Killed Edmund
  4264 | D:6      | Succumbed to Edmund's poison

Illustrated notes

Levels and vault maps discovered:
D:1:      nagdon_arrival_double_spiral, layout_loops_ring,
          chequers_serial_rivers_micro_b
D:2:      layout_basic, shapermc_ecumenical_altar_starsandcircs,
          minmay_misc_feat_secret_circle, grunt_ministairs_9
D:3:      layout_basic, eino_curves_02, nicolae_underground_beach, uniq_robin
D:4:      cheibrodos_pilgrimage, layout_basic, hex_medium, uniq_blork_the_orc
D:5:      layout_loops_ring, minmay_temple_entry_steel_oval,
          kennysheep_generic_room_15
D:6:      kennysheep_windowed_halls, layout_basic, marbit_many_paths,
          cheibrodos_sewer_entry_drain, uniq_edmund
Temple:   grunt_wide_crystal_templ

Skill      XL: |  1  2  3  4  5  6  7  8 |
---------------+-------------------------+-----
Armour         | 4 5 6 |  6.1
Shields        | 4 5 6 7 8 |  8.1
Fighting       | 4 5 |  5.4
Long Blades    | 3 4 5 6 |  6.9
Dodging        | 1 2 |  2.0
Stealth        | |  0.6

Action                   |  1- 3 |  4- 6 |  7- 9 || total
-------------------------+-------+-------+-------++-------
Melee: Long sword        |   101 |   130 |   237 ||   468
       Headbutt          |    14 |    22 |    40 ||    76
  Use: Scroll            |     1 |       |       ||     1
       Potion            |       |       |    11 ||    11
 Stab: Invisible         |       |       |     1 ||     1
Armor: Scale mail        |    61 |       |       ||    61
       Chain mail        |     6 |    89 |   139 ||   234
Dodge: Dodged            |    23 |    29 |    57 ||   109
Block: Kite shield       |    74 |    83 |   128 ||   285
       Rpst.: Long sword |     7 |    11 |     7 ||    25

Table legend: (Time is in decaauts)
 A = Elapsed time spent in this place.
 B = Non-inter-level travel time spent in this place.
 C = Inter-level travel time spent in this place.
 D = Time resting spent in this place.
 E = Time spent auto-exploring this place.
 F = Levels seen in this place.
 G = Mean time per level.
                   A        B        C        D        E       F      G
               +--------+--------+--------+--------+--------+-----+--------+
         Total |   4515 |   4515 |      0 |      0 |      0 |   8 |  564.4 |
       Dungeon |   3949 |   3949 |      0 |      0 |      0 |   6 |  658.2 |
        Temple |     88 |     88 |      0 |      0 |      0 |   1 |   88.0 |
         Sewer |    477 |    477 |      0 |      0 |      0 |   1 |  477.0 |
               +--------+--------+--------+--------+--------+-----+--------+

Top non-repeatable levels by time:
     D:2: 832 daAuts
     D:5: 809 daAuts
     D:4: 634 daAuts
     D:1: 603 daAuts
     D:6: 537 daAuts
     D:3: 532 daAuts
   Sewer: 477 daAuts
  Temple: 88 daAuts
